[Event "Early-Titled-Tuesday-Blitz-June-18-2024"]
[Site "Chess.com"]
[Date "2024.06.18"]
[Round "1"]
[White "RobertoJBM"]
[Black "CalinGheorghiu"]
[Result "1-0"]
[WhiteElo "2821"]
[BlackElo "2466"]
[TimeControl "180+1"]
[EndTime "8:08:05 PDT"]
[Termination "RobertoJBM won on time"]

1. d4 Nf6 2. Nf3 g6 3. b3 Bg7 4. Bb2 b6 5. c4 Bb7 6. e3 O-O 7. Be2 d6 8. d5 Nbd7 9. O-O e6 10. dxe6 fxe6 11. Nc3 Nc5 12. Qc2 a5 13. Nd2 Nfd7 14. Bf3 Qc8 15. Bxb7 Qxb7 16. Nb5 Ne5 17. Rad1 Rf7 18.
f4 Ng4 19. Rf3 Raf8 20. Bxg7 Rxg7 21. Rdf1 Rgf7 22. Nc3 e5 23. h3 Nh6 24. Nde4 Nxe4 25. Qxe4 Qxe4 26. Nxe4 exf4 27. exf4 Nf5 28. g3 Re7 29. Nc3 c6 30. Rd1 Re6 31. Kf2 Rfe8 32. Rdd3 h5 33. g4 hxg4 34. hxg4 Nh4 35. Rfe3 Kf7 36. Rxe6 Rxe6 37. Kg3 g5 38. f5 Re1 39. Kf2 Rc1 40. Ne4 Rc2+ 41. Rd2 Rxd2+ 42. Nxd2 d5 43. cxd5 cxd5 44. Nf3 Kf6 45. a4 Nxf5 46. gxf5 Kxf5 47. Ke3 g4 48. Nd4+ Ke5 49. Ne2 Kf5 50. Kd4 Kg5 51. Kxd5 1-0

[Event "Early-Titled-Tuesday-Blitz-June-18-2024"]
[Site "Chess.com"]
[Date "2024.06.18"]
[Round "1"]
[White "elamier"]
[Black "KNVB"]
[Result "0-1"]
[WhiteElo "2466"]
[BlackElo "2817"]
[TimeControl "180+1"]
[EndTime "8:08:06 PDT"]
[Termination "KNVB won by resignation"]

1. d4 e5 2. dxe5 Nc6 3. Nf3 Qe7 4. g3 Nxe5 5. Nxe5 Qxe5 6. Bg2 Bc5 7. O-O d6 8. Nd2 Nf6 9. Nc4 Qh5 10. Be3 Ng4 11. h4 Nxe3 12. Nxe3 Bxe3 13. fxe3 Qe5 14. Qd4 Qxg3 15.
Rf3 Qe5 16. Qa4+ Bd7 17. Qb3 Be6 18. Qxb7 Bd5 19. Qb5+ c6 20. Qb7 O-O 21. Rh3 Rab8 22. Qxa7 Bxg2 23. Kxg2 Qe4+ 24. Kf2 Rxb2 25. Rc1 Qf5+ 26.
Rf3 Qg4 27. Qd4 Qxd4 28. exd4 Rxa2 29. c4 Re8 30. Re3 Rxe3 31. Kxe3 Kf8 32. Rb1 Ke7 33. Rb7+ Ke6 34. Rc7 Ra3+ 35. Kf2 Ra6 36. e4 g6 37. Kf3 h6 38. Kf4 f5 39. d5+ cxd5 40. exd5+ Kf6 41. Rc8 g5+ 42. hxg5+ hxg5+ 43. Kf3 Ra3+ 44. Ke2 g4 45. Rd8 Ke5 46. Re8+ Kd4 47. Rf8 Rf3 48. Rf6 Kc5 49.
Re6 Rf4 50. Rf6 Rxc4 51. Rxf5 Rd4 52. Rg5 Kc4 53. Rg6 Kxd5 54. Rxg4 Rxg4 0-1

[Event "Early-Titled-Tuesday-Blitz-June-18-2024"]
[Site "Chess.com"]
[Date "2024.06.18"]
[Round "1"]
[White "Chempiblinka"]
[Black "Goryachkina"]
[Result "0-1"]
[WhiteElo "2363"]
[BlackElo "2678"]
[TimeControl "180+1"]
[EndTime "8:08:06 PDT"]
[Termination "Goryachkina won on time"]

1. Nf3 d5 2. g3 Nf6 3. Bg2 g6 4. O-O Bg7 5. c4 d4 6. d3 O-O 7. e3 Nc6 8. exd4 Nxd4 9. Nxd4 Qxd4 10. Nc3 c6 11. Be3 Qd8 12. h3 Be6 13. Rc1 Qd7 14. Kh2 Rfd8 15. Na4 b6 16. d4 Rac8 17. Qe2 h5 18. b3 Bf5 19. Rfd1 Be4 20. Nc3 Bxg2 21. Kxg2 Qf5 22. Qf3 Qxf3+ 23. Kxf3 e6 24. Ne4 Nxe4 25. Kxe4 Rd7 26. Bg5 f6 27. Be3 Rcd8 28. Kf3 f5 29. Rd2 Bxd4 30. Bxd4 Rxd4 31. Re2 Kf7 32. Rce1 R8d6 33.
h4 Kf6 34. Kg2 Rd2 35. Kf3 R6d3+ 36. Kg2 Rxe2 37. Rxe2 e5 38. Kf1 e4 39. Kg2 Ke5 40. Rc2 c5 41. Re2 Kd4 42. Rc2 a6 43. Kf1 b5 44. cxb5 axb5 45. Ke2 c4 46. bxc4 bxc4 47. Rb2 Ra3 48. Rc2 c3 49. f3 exf3+ 50. Kxf3 Kd3 51.
Re2 c2 0-1

[Event "Early-Titled-Tuesday-Blitz-June-18-2024"]
[Site "Chess.com"]
[Date "2024.06.18"]
[Round "1"]
[White "Alenzer"]
[Black "RebelJohnny"]
[Result "0-1"]
[WhiteElo "2182"]
[BlackElo "2584"]
[TimeControl "180+1"]
[EndTime "8:08:06 PDT"]
[Termination "RebelJohnny won by resignation"]

1. e4 d6 2. d4 Nf6 3. Nc3 c6 4. Bd3 e5 5. Nf3 Qc7 6. O-O Be7 7. h3 O-O 8. Qe2 b5 9. a3 Nbd7 10. Be3 Rd8 11. Nh4 a6 12. Nf5 Bf8 13. f4 exd4 14. Bxd4 c5 15. Bxf6 Nxf6 16. e5 dxe5 17.
fxe5 Re8 18. Qf3 Qxe5 19. Nh6+ gxh6 20. Qxf6 Qxf6 21. Rxf6 Bg7 22. Rf4 Bb7 23. Raf1 Re7 24. Be4 Bxe4 25. Nxe4 Bd4+ 26. Kh1 Rae8 27. Nd6 Rf8 28.
Nf5 Re6 29. c3 Be5 30. Rg4+ Kh8 31. Re1 h5 32. Rge4 Bc7 33. Rxe6 fxe6 34. Ne7 Bg3 35. Rd1 h4 36. Nc6 Rf2 37. b4 c4 38. Na7 Rc2 39. Nc8 Rxc3 40. Nd6 Rxa3 41. Nf7+ Kg7 42. Ng5 Kg6 43.
Ne4 Kf5 44. Nxg3+ hxg3 45. Kg1 Rb3 46. Ra1 Rxb4 47. Kf1 a5 48. Rxa5 Rb2 49. Ra6 e5 50. Ra5 Kf4 51. Ra8 e4 52. Rf8+ Ke3 53. Rf3+ exf3 54. gxf3 Kxf3 0-1

[Event "Early-Titled-Tuesday-Blitz-June-18-2024"]
[Site "Chess.com"]
[Date "2024.06.18"]
[Round "1"]
[White "Barboval"]
[Black "Anton_Demchenko"]
[Result "0-1"]
[WhiteElo "2532"]
[BlackElo "2978"]
[TimeControl "180+1"]
[EndTime "8:08:07 PDT"]
[Termination "Anton_Demchenko won on time"]

1. d4 Nf6 2. Bg5 g6 3. Nc3 d5 4.
Qd2 Bg7 5. O-O-O h6 6. Bxf6 exf6 7. e4 dxe4 8. Nxe4 O-O 9. Bc4 Nd7 10. Nf3 Nb6 11. Bb3 a5 12. a3 c6 13. Nh4 f5 14.
Nxg6 fxe4 15. Nxf8 Kxf8 16. f3 exf3 17. Rhf1 Bg4 18. h3 Bh5 19. g4 Bg6 20. Rxf3 Nd5 21. c4 Nc7 22. Bc2 Kg8 23. Bxg6 fxg6 24. Qd3 Qg5+ 25.
Kb1 Ne6 26. d5 Nd4 27. Rf2 Rd8 28. Qe4 c5 29. Rdf1 Kh8 30. h4 Qxh4 31. Qxg6 Qg5 32. Qe4 Nb3 33. Qd3 a4 34. Rf5 Qd2 35. Qc2 Qd4 36.
g5 Nd2+ 37. Ka2 Nxf1 38. gxh6 Bxh6 39. Rxf1 Rf8 40. Rh1 Qf6 41. Qxa4 Rf7 42. Qe8+ Kh7 43. Qe4+ Kg8 44. Qg4+ Bg7 45. Qg2 Re7 46. Rg1 Re5 47.
Rd1 Re7 48. Rd2 Rd7 49. Qh3 Rd6 50. Qc8+ Qd8 51. Qxb7 Rb6 52. Qa7 Qd6 53. Qa4 Qe5 0-1

[Event "Early-Titled-Tuesday-Blitz-June-18-2024"]
[Site "Chess.com"]
[Date "2024.06.18"]
[Round "1"]
[White "ozates"]
[Black "NigiriSushies"]
[Result "1-0"]
[WhiteElo "2627"]
[BlackElo "2290"]
[TimeControl "180+1"]
[EndTime "8:08:07 PDT"]
[Termination "ozates won by checkmate"]

1. e4 c5 2. Nf3 d6 3. d4 cxd4 4. Nxd4 Nf6 5. Nc3 a6 6. g3 h5 7. h3 h4 8. g4 b5 9. Bg2 Bb7 10.
O-O Nbd7 11. Re1 e5 12. Nf5 Qc7 13. a4 b4 14. Na2 g6 15. Ne3 a5 16. c3 Qb6 17. cxb4 axb4 18. Nc4 Qc5 19. b3 Rxa4 20. Be3 Qc7 21. bxa4 Qxc4 22. Nc1 Nxe4 23. Qd3 Qxd3 24.
Nxd3 d5 25. Rac1 f5 26. Rc7 Ba6 27. Bxe4 fxe4 28. Nc5 Nxc5 29. Bxc5 Bc4 30. a5 Bxc5 31.
Rc8+ Kd7 32. Rxh8 b3 33. Rb1 e3 34. fxe3 Bxe3+ 35. Kg2 e4 36. Rb8 Bd2 37. a6 Bxa6 38.
R8xb3 g5 39. Rd1 Bc4 40. Rb2 Bf4 41. Rb7+ Kc6 42. Rg7 Kc5 43. Rg8 Be2 44. Re1 Bf3+ 45. Kg1 Kd4 46. Ra8 Be3+ 47. Kf1 Bf4 48. Ra4+ Ke5 49.
Ra5 Bg3 50. Rc1 e3 51. Ra2 d4 52. Rc8 d3 53. Re8+ Kd4 54. Rd8+ Ke4 55. Re8+ Kf4 56. Ra4+ Be4 57. Raxe4+ Kf3 58. Rxe3+ Kf4 59. R8e4# 1-0

[Event "Early-Titled-Tuesday-Blitz-June-18-2024"]
[Site "Chess.com"]
[Date "2024.06.18"]
[Round "1"]
[White "Dexter_Dyke"]
[Black "evgchess5"]
[Result "0-1"]
[WhiteElo "2510"]
[BlackElo "2934"]
[TimeControl "180+1"]
[EndTime "8:08:08 PDT"]
[Termination "evgchess5 won on time"]

1. e4 c5 2. Nf3 e6 3. d4 cxd4 4. c3 dxc3 5. Nxc3 Nc6 6. Bc4 a6 7. Qe2 Nge7 8. O-O Ng6 9. Rd1 Be7 10. a4 O-O 11. Be3 b6 12. Rd2 Bb7 13. Rad1 d6 14. h4 Qc7 15. h5 Nge5 16. Ba2 Rfd8 17. h6 g6 18. Nh2 Nb4 19. Bb3 Rac8 20. f4 Nc4 21. Bxc4 Qxc4 22. Bxb6 Qxe2 23. Rxe2 Re8 24.
Nf3 d5 25. Ne5 dxe4 26. Rd7 Bc6 27. Nxc6 Rxc6 28. a5 f5 29. g4 Nd3 30. Ra7 Nxf4 31. Rd2 Nd3 32. Rxa6 Kf7 33. Ra7 Kf6 34. Bd4+ e5 35.
Be3 Ke6 36. gxf5+ gxf5 37. Rg2 f4 38. Bb6 e3 39. Ne4 Rc1+ 40. Kh2 Ne1 41. Rg7 Nf3+ 42. Kh3 Nd2 43. Kg2 Nxe4 44. Kh3 Nd2 45. Kg4 e2 46. Rgxe7+ Rxe7 47. Rxe7+ Kxe7 48. Bc5+ Ke6 49. Kh3 e1=Q 0-1

[Event "Early-Titled-Tuesday-Blitz-June-18-2024"]
[Site "Chess.com"]
[Date "2024.06.18"]
[Round "1"]
[White "ab-lsv"]
[Black "Harry_Rakkel"]
[Result "0-1"]
[WhiteElo "2362"]
[BlackElo "2670"]
[TimeControl "180+1"]
[EndTime "8:08:09 PDT"]
[Termination "Harry_Rakkel won by checkmate"]

1. d4 Nf6 2. c4 e6 3. Nc3 Bb4 4. Qc2 b6 5. e4 c5 6. d5 Qe7 7.
Ne2 exd5 8. exd5 O-O 9. Bg5 h6 10. Bh4 b5 11. O-O-O bxc4 12. Ng3 d6 13. Nge4 Nbd7 14.
Bxc4 g5 15. Bg3 Ne5 16. Bxe5 Qxe5 17. Rhe1 Bf5 18. f3 Nxe4 19. fxe4 Bg4 20. Be2 Bxe2 21.
Rxe2 Qxh2 22. e5 dxe5 23. d6 Rad8 24. Nd5 Kg7 25. Ne7 Qf4+ 26. Kb1 Qf6 27. Nf5+ Kg8 28.
Rh1 Rxd6 29. Rxh6 Qxh6 30. Nxh6+ Rxh6 31. Qf5 f6 32. Qe6+ Kg7 33. a3 Ba5 34. Re4 Rf7 35.
Re2 Rh4 36. Rc2 Bb6 37. Rd2 Rd4 38. Rxd4 cxd4 39. Kc2 Rc7+ 40. Kd3 Kg6 41. g4 Kg7 42. Ke4 Rf7 43. Kf5 Bd8 44. Qd5 Be7 45. Qe4 Bf8 46.
Qd5 Re7 47. Qd8 Rb7 48. b4 a6 49. Qd5 Re7 50. Qd8 e4 51. Qxd4 e3 52. Qd1 e2 53. Qe1 Re5# 0-1

[Event "Early-Titled-Tuesday-Blitz-June-18-2024"]
[Site "Chess.com"]
[Date "2024.06.18"]
[Round "1"]
[White "patzer-reloaded"]
[Black "DominguezOnYoutube"]
[Result "0-1"]
[WhiteElo "2504"]
[BlackElo "2902"]
[TimeControl "180+1"]
[EndTime "8:08:10 PDT"]
[Termination "DominguezOnYoutube won on time"]

1. d3 e5 2. Nf3 Nc6 3. g3 d5 4. Bg2 Nf6 5. O-O Bc5 6. Nxe5 Nxe5 7. d4 Bd6 8. dxe5 Bxe5 9. c4 dxc4 10. Qxd8+ Kxd8 11. Rd1+ Ke7 12. Na3 Be6 13. Bd2 c6 14.
Bb4+ Ke8 15. Rd2 a5 16. Bc3 Bxc3 17. bxc3 Ra6 18. Rb1 b5 19. Nxb5 cxb5 20. Rxb5 Ke7 21. Rb7+ Nd7 22. f4 g6 23. e4 Rd6 24. Rxd6 Kxd6 25. e5+ Ke7 26. Bc6 Rc8 27. Bb5 Rb8 28.
Rxb8 Nxb8 29. Kf2 Bd5 30. Ke3 Nc6 31. Bxc6 Bxc6 32. Kd4 Bd7 33. a3 Be6 34. Kc5 Kd7 35. Kb5 h5 36. Kxa5 Kc6 37. Kb4 Kb6 38. h4 Kc6 39. a4 Kb6 40. a5+ Ka6 41. Ka4 Bd5 42.
Kb4 Be6 43. Ka4 Bf5 44. Kb4 Bc8 45. Kxc4 Kxa5 46. Kc5 Be6 47. c4 Ka4 48. Kd6 Bxc4 49. Ke7 Be6 50. Kf6 Kb4 51. f5 gxf5 52. Kg5 Kc5 53.
Kxh5 Kd5 54. Kg5 Kxe5 55. h5 f6+ 56. Kg6 Bc4 57. h6 Bd3 0-1

[Event "Early-Titled-Tuesday-Blitz-June-18-2024"]
[Site "Chess.com"]
[Date "2024.06.18"]
[Round "1"]
[White "SirStrateg"]
[Black "Larina_Maria"]
[Result "1-0"]
[WhiteElo "2680"]
[BlackElo "2365"]
[TimeControl "180+1"]
[EndTime "8:08:10 PDT"]
[Termination "SirStrateg won by resignation"]

1. d4 f5 2. Bg5 g6 3. h4 h6 4. Bf4 Nf6 5. Nc3 Bg7 6. e3 d6 7. Bc4 e6 8. Qe2 O-O 9. Nf3 Nc6 10. O-O-O Qe7 11. d5 Nd8 12. dxe6 Bxe6 13. Nd4 Bxc4 14. Qxc4+ Qf7 15. Qxf7+ Rxf7 16. f3 Nh5 17. Bh2 Nc6 18.
g4 fxg4 19. fxg4 Nf6 20. Rhg1 Re8 21. g5 hxg5 22. Nxc6 bxc6 23. Rxg5 Kh7 24. Rdg1 Rxe3 25. Rxg6 Rh3 26. R6g2 Rxh4 27. Bg3 Bh6+ 28. Kb1 Rh3 29. Bf2 a6 30. Bd4 Rf3 31. Bxf6 R3xf6 32. a3 Rf1+ 33. Rxf1 Rxf1+ 34. Ka2 Bg7 35. Ne4 d5 36. Ng5+ Kh6 37. Ne6 Be5 38. Nd8 c5 39. Nc6 Bd6 40. Rd2 d4 41. Na5 Rf6 42. Rg2 Rg6 43. Rf2 Kg7 44.
Nc4 Rf6 45. Re2 Kf7 46. Kb3 Re6 47. Rg2 Ke7 48. Rg7+ Kf8 49. Rh7 Ke8 50. Rh8+ Kd7 51. Ra8 Be7 52. Ka4 Re2 53. Kb3 Re6 54. a4 Re3+ 55.
Nxe3 dxe3 56. Kc3 Bh4 57. Kd3 Bf2 58. Rxa6 c6 59. Ra7+ Kd6 60. Rh7 Kd5 61. c4+ Ke5 62.
Re7+ Kf4 63. a5 Kf3 64. a6 Bg3 65. Rxe3+ 1-0

[Event "Early-Titled-Tuesday-Blitz-June-18-2024"]
[Site "Chess.com"]
[Date "2024.06.18"]
[Round "1"]
[White "ValentinDragnev"]
[Black "Timurist"]
[Result "1-0"]
[WhiteElo "2705"]
[BlackElo "2391"]
[TimeControl "180+1"]
[EndTime "8:08:11 PDT"]
[Termination "ValentinDragnev won on time"]

1. e4 c5 2. Nc3 Nc6 3. Nge2 g6 4. d4 cxd4 5. Nxd4 Bg7 6. Nxc6 bxc6 7. Bc4 d6 8. O-O Nf6 9. e5 dxe5 10. Qxd8+ Kxd8 11. Re1 e6 12. Rxe5 Nd5 13. Re2 h6 14. Na4 a5 15.
c3 Ba6 16. Bxa6 Rxa6 17. c4 Nb6 18. Nc5 Ra8 19. Rc2 Bd4 20. Nb3 Be5 21. Be3 Kc7 22. Nd2 Na4 23. Rb1 g5 24. b3 Nb6 25. Re1 Bf6 26.
Kf1 Rhd8 27. Ke2 Rd7 28. Ne4 Be7 29. f3 Rdd8 30. Rb1 Rd7 31. Nf2 Rad8 32. Ng4 h5 33.
Ne5 Bf6 34. Bxb6+ Kxb6 35. Nxd7+ Rxd7 36. Rd1 Bd4 37. c5+ Kb5 38. a4+ Ka6 39. Rc4 e5 40.
b4 axb4 41. Rxb4 Ka5 42. Rb6 Rc7 43. Rdb1 Bxc5 44. Rb8 Ra7 45. Kd3 Bd4 46. Kc4 g4 47. R1b7 Ra6 48. Rxf7 Kxa4 49. fxg4 hxg4 50. Rfb7 Ka3 51.
Rc7 Ra4+ 52. Kd3 c5 53. Rcc8 c4+ 54. Rxc4 Rxc4 55. Kxc4 Ka2 56. Kd3 Bg1 57. h4 gxh3 58.
gxh3 1-0

[Event "Early-Titled-Tuesday-Blitz-June-18-2024"]
[Site "Chess.com"]
[Date "2024.06.18"]
[Round "1"]
[White "LevonAronian"]
[Black "Omranalhosani21"]
[Result "1/2-1/2"]
[WhiteElo "3030"]
[BlackElo "2545"]
[TimeControl "180+1"]
[EndTime "8:08:13 PDT"]
[Termination "Game drawn by repetition"]

1. e4 c5 2. Nf3 Nc6 3. Bb5 Nf6 4. Nc3 e6 5. Bxc6 dxc6 6. O-O Be7 7. d3 O-O 8. e5 Nd5 9. Ne4 a5 10. c4 Nb4 11.
Ne1 b5 12. a3 Na6 13. Qg4 Kh8 14. Qh5 f5 15. Ng5 Bxg5 16. Bxg5 Qe8 17. Qh4 Qg6 18.
Be7 Re8 19. Bd6 Ra7 20. f4 bxc4 21. dxc4 Rb7 22. Nd3 Rb3 23. Rf3 Qg4 24. Qe1 a4 25. Rd1 Rg8 26. Rg3 Qh5 27. Rh3 Qg6 28. Qh4 h6 29.
Rg3 Qf7 30. Rd2 Bd7 31. Nxc5 Nxc5 32. Bxc5 Rxg3 33. Qxg3 Rb8 34. Qd3 Be8 35. Bb4 Kh7 36.
h3 Qg6 37. Kh2 c5 38. Qd6 Rb7 39. Qxc5 Qh5 40. Qc8 Rb6 41. Rd6 Qh4 42. Rd4 Qf2 43.
Bc3 Bc6 44. Rd2 Qxf4+ 45. Kh1 Qe4 46. Qd8 Qe3 47. Qd4 Qxh3+ 48. Kg1 Qg3 49. Qxb6 Qe1+ 50. Kh2 Qh4+ 51. Kg1 Qe1+ 52. Kh2 Qh4+ 53. Kg1 Qe1+ 1/2-1/2

[Event "Early-Titled-Tuesday-Blitz-June-18-2024"]
[Site "Chess.com"]
[Date "2024.06.18"]
[Round "1"]
[White "Sadykov_Ramil"]
[Black "LaPiToB"]
[Result "1-0"]
[WhiteElo "2631"]
[BlackElo "2297"]
[TimeControl "180+1"]
[EndTime "8:08:13 PDT"]
[Termination "Sadykov_Ramil won by resignation"]

1. d4 Nf6 2. Nc3 d5 3. Bf4 c5 4. e3 cxd4 5. exd4 a6 6. Nf3 Nc6 7. Ne5 Bf5 8. g4 Nxe5 9. dxe5 Nxg4 10. h3 Nh6 11. Qd4 e6 12. Qa4+ Ke7 13. Qb4+ Ke8 14. Qa4+ Ke7 15. Qb4+ Ke8 16. Qxb7 Be7 17. O-O-O Rb8 18.
Qxa6 Kf8 19. Rg1 g5 20. Be3 f6 21. h4 Ng4 22. exf6 Bxf6 23. Qa3+ Kf7 24. Bxg5 Bxg5+ 25.
hxg5 Nxf2 26. Rd2 Ng4 27. Bd3 Qxg5 28. Bxf5 exf5 29. Nxd5 Rhd8 30. Rd1 Rxd5 31. Qa7+ Kg6 32. Qxb8 Rxd2 33. Rxd2 Nf6 34. Qh2 Ne4 35. a4 Nxd2 36. Qxd2 Qg1+ 37. Qd1 Qe3+ 38. Kb1 h5 39. a5 h4 40.
Qd6+ Kh5 41. a6 h3 42. Qd7 h2 43. Qxf5+ Kh4 44. Qh7+ Kg3 45. a7 Qe1+ 46. Ka2 h1=Q 47. Qg7+ Kf2 48. Qf8+ Ke2 49. Qe8+ Kd1 50. a8=Q Qxa8+ 51.
Qxa8 Kxc2 52. Qc6+ Kd2 53. Qd5+ Kc1 54. Qc4+ Kd1 55.
Qd4+ Kc1 56. Qc3+ Qxc3 57. bxc3 Kc2 58. c4 Kc3 59. c5 Kc4 60. c6 Kc5 61. c7 Kc6 62.
c8=Q+ 1-0

[Event "Early-Titled-Tuesday-Blitz-June-18-2024"]
[Site "Chess.com"]
[Date "2024.06.18"]
[Round "1"]
[White "traviscottofficial"]
[Black "A4RookA3"]
[Result "1-0"]
[WhiteElo "2783"]
[BlackElo "2443"]
[TimeControl "180+1"]
[EndTime "8:08:14 PDT"]
[Termination "traviscottofficial won on time"]

1. a4 a5 2. Nf3 Nf6 3. e3 d5 4.
b3 b6 5. Bb2 e6 6. Bb5+ c6 7.
Be2 Ba6 8. O-O Bxe2 9. Qxe2 g6 10. c4 Bg7 11. Nc3 O-O 12. d4 Na6 13. Ne5 Qe8 14. Rfc1 Nb4 15. Ba3 Nd7 16. Nxd7 Qxd7 17. cxd5 exd5 18. Rd1 Rfe8 19. Rac1 Bf8 20. Bb2 Re6 21.
Nb1 Rae8 22. Nd2 Na2 23. Ra1 Nb4 24. Nf3 f6 25. h3 Bh6 26. Re1 Bf8 27. Bc3 Bd6 28.
Qd2 Na6 29. Re2 Bb4 30. Ne1 Bxc3 31. Qxc3 Nb4 32. Nc2 Nxc2 33. Rxc2 f5 34. g3 g5 35. Kh2 f4 36. exf4 gxf4 37. Rg1 Kh8 38. gxf4 Qf7 39. Rg4 Rg8 40. Qg3 Rgg6 41. Rc3 Ref6 42. Rf3 Rf5 43. Rxg6 hxg6 44. Qh4+ Kg7 45. Kg3 Qe8 46. Re3 Qf8 47.
Qe7+ Rf7 48. Qxf8+ Kxf8 49. Re6 Rc7 50. Rxg6 c5 51.
Rxb6 c4 52. bxc4 Rxc4 53. Rb5 Rxa4 54. Rxd5 Ra3+ 55. Kg4 Ra1 56. Kg5 a4 57. Kf6 Ke8 58. Ra5 Kd7 59. f5 a3 60. f4 a2 61. h4 Rh1 62.
Rxa2 Rxh4 63. Ke5 Rh1 64. Ra7+ Kd8 65. f6 1-0

[Event "Early-Titled-Tuesday-Blitz-June-18-2024"]
[Site "Chess.com"]
[Date "2024.06.18"]
[Round "1"]
[White "micke12a"]
[Black "SaraBlackPanther"]
[Result "0-1"]
[WhiteElo "2396"]
[BlackElo "2712"]
[TimeControl "180+1"]
[EndTime "8:08:14 PDT"]
[Termination "SaraBlackPanther won by resignation"]

1. d4 Nf6 2. Bf4 g6 3. Nc3 d5 4.
Nb5 Na6 5. e3 Bg7 6. h3 O-O 7.
Nf3 c6 8. Nc3 Ne4 9. Nxe4 dxe4 10.
Nd2 f5 11. Bxa6 bxa6 12. c4 c5 13. Nb3 cxd4 14. exd4 a5 15. a4 Ba6 16. Rc1 Rc8 17. Nc5 e5 18. Bd2 exd4 19. Ne6 Qd6 20. Nxf8 Kxf8 21. Bxa5 Bxc4 22. b3 Ba6 23. Rxc8+ Bxc8 24. O-O Ba6 25. Qd2 Kg8 26. Rc1 Qd5 27. b4 h6 28.
b5 Bb7 29. Qb4 e3 30. Qc4 Qxc4 31. Rxc4 e2 32. f3 d3 33. Kf2 Bd5 34. Rc5 Bb3 35. Ke3 Bc2 36. Rc8+ Kh7 37. Rc7 h5 38. Bc3 e1=Q+ 39.
Bxe1 Kh6 40. Bd2 Be5 41. Kf2+ f4 42. Rc4 g5 43. h4 Kg6 44. hxg5 Kxg5 45. Rc5 Kf6 46. Rc4 Kf5 47. a5 Bb3 48. Rc8 Be6 49.
Rf8+ Kg6 50. Bxf4 Bd4+ 51. Be3 d2 52. Ke2 Bxe3 53. Rd8 Bf4 54. b6 axb6 55. a6 Bc4+ 56. Kd1 Bxa6 57. Ra8 Bc4 58. Rf8 Bb3+ 0-1

[Event "Early-Titled-Tuesday-Blitz-June-18-2024"]
[Site "Chess.com"]
[Date "2024.06.18"]
[Round "1"]
[White "mostafa_sakha"]
[Black "Puzzlebot_1294"]
[Result "0-1"]
[WhiteElo "2380"]
[BlackElo "2694"]
[TimeControl "180+1"]
[EndTime "8:08:14 PDT"]
[Termination "Puzzlebot_1294 won on time"]

1. d4 Nf6 2. c4 e6 3. Nc3 Bb4 4. e3 O-O 5. Bd3 d5 6. Nf3 dxc4 7.
Bxc4 a6 8. O-O b5 9. Bd3 Bb7 10. a3 Bxc3 11. bxc3 c5 12. Re1 cxd4 13. cxd4 Nbd7 14. e4 h6 15. Qe2 Re8 16. e5 Nd5 17. Qe4 f5 18. exf6 N7xf6 19. Qg6 Ne7 20. Qg3 Kh8 21.
Ne5 Qxd4 22. Bxh6 Nh5 23. Bxg7+ Nxg7 24. Qh3+ Kg8 25. Rad1 Rad8 26. Bh7+ Kf8 27. Rxd4 Rxd4 28. Ng6+ Nxg6 29. Bxg6 Red8 30. Qh8+ Ke7 31. Qxg7+ Kd6 32. Qxd4+ Kc7 33. Qe4 Bxe4 34. Bxe4 a5 35. f3 b4 36.
axb4 axb4 37. Rb1 Rb8 38. Kf2 Kd6 39. Ke3 Kc5 40. f4 Rd8 41. g4 Rh8 42. Rb2 Rh3+ 43.
Kf2 Rxh2+ 44. Bg2 Rh4 45. Kg3 Rh8 46. Rc2+ Kd4 47. Rd2+ Kc3 48. Re2 Re8 49. f5 b3 50.
Rxe6 b2 51. Rxe8 b1=Q 52. Rc8+ Kd4 53. Rd8+ Ke5 54. Re8+ Kf6 55. Re3 Qb8+ 56. Kf2 Qf4+ 57. Bf3 Qh2+ 58. Bg2 Qf4+ 59. Bf3 Kg5 60. Re6 Qh2+ 61.
Bg2 Kxg4 62. Rg6+ Kxf5 63. Rg3 Qh4 64. Bf3 Kf4 0-1

[Event "Early-Titled-Tuesday-Blitz-June-18-2024"]
[Site "Chess.com"]
[Date "2024.06.18"]
[Round "1"]
[White "BestestBP"]
[Black "NovozhilovSemen"]
[Result "0-1"]
[WhiteElo "2263"]
[BlackElo "2617"]
[TimeControl "180+1"]
[EndTime "8:08:14 PDT"]
[Termination "NovozhilovSemen won by checkmate"]

1. e4 c5 2. Nf3 Nc6 3. Nc3 d6 4. d4 cxd4 5. Nxd4 Nf6 6. Be3 Ng4 7. Bb5 Nxe3 8. fxe3 Bd7 9. O-O e6 10. Qf3 Qf6 11. Qxf6 gxf6 12. Bxc6 bxc6 13. Rxf6 Bg7 14. Rf2 c5 15. Ndb5 Ke7 16. Raf1 Rhf8 17. Rd1 Be5 18.
Rfd2 Bxb5 19. Nxb5 Rfd8 20. c3 h5 21. Na3 Rd7 22. Nc4 Rb7 23. b3 Bxc3 24. Rxd6 a5 25. Nb6 Rg8 26. Rd7+ Rxd7 27. Rxd7+ Kf6 28. Na4 Bb4 29.
Rc7 Rg5 30. Kf2 h4 31. Kf3 Re5 32. Nb2 Rg5 33. Nd3 Ba3 34. e5+ Kg7 35. Nxc5 Rxe5 36. Nd3 Rf5+ 37. Ke2 Bd6 38. Rd7 Bxh2 39. e4 Rg5 40. Kf3 Bg3 41. a3 Rb5 42. b4 axb4 43. axb4 Rb8 44. Nc5 Kf6 45. Nd3 Ra8 46. e5+ Kg6 47.
Kg4 Ra2 48. Nf4+ Bxf4 49. Kxf4 Rxg2 50. Rd8 Rb2 51. Rh8 Rxb4+ 52. Kf3 Kg5 53. Rh7 Kg6 54. Rh8 Ra4 55. Rf8 Ra5 56. Rh8 Rxe5 57. Rxh4 Kf6 58.
Rf4+ Rf5 59. Ke4 Rxf4+ 60. Kxf4 e5+ 61. Ke4 Ke6 62. Kf3 f5 63. Ke3 e4 64. Kf2 Ke5 65.
Ke2 f4 66. Kf1 e3 67. Ke2 Ke4 68. Ke1 f3 69. Kf1 Kd3 70. Ke1 f2+ 71. Kd1 f1=Q# 0-1

[Event "Early-Titled-Tuesday-Blitz-June-18-2024"]
[Site "Chess.com"]
[Date "2024.06.18"]
[Round "1"]
[White "Lestofante90"]
[Black "DishonorOnYourCow"]
[Result "1-0"]
[WhiteElo "2976"]
[BlackElo "2531"]
[TimeControl "180+1"]
[EndTime "8:08:16 PDT"]
[Termination "Lestofante90 won by resignation"]

1. d4 Nf6 2. c4 g6 3. Nc3 d5 4. Nf3 Bg7 5. Bg5 Ne4 6. Bh4 Nxc3 7. bxc3 dxc4 8. Qa4+ c6 9. Qxc4 O-O 10. e3 b5 11.
Qb4 Re8 12. Be2 a5 13. Qc5 Qd6 14. Qxd6 exd6 15. Bg3 d5 16. a4 b4 17. O-O Ba6 18. Bxa6 Nxa6 19. cxb4 axb4 20. Rab1 Rec8 21. Rfc1 c5 22. dxc5 Nxc5 23. Rxb4 Nxa4 24. Rxc8+ Rxc8 25. h4 Nc3 26. Kh2 Ne4 27. Rb5 Nxg3 28. Kxg3 Rd8 29. Rb4 h6 30. Ra4 Bf6 31. Kf4 Kg7 32. g4 Be7 33. g5 Bd6+ 34. Kg4 h5+ 35. Kh3 Bc5 36.
Ra5 Bb4 37. Rb5 Be1 38. Nxe1 d4 39. Rb3 dxe3 40. Rxe3 Rd1 41. Nf3 Rf1 42. Kg2 Ra1 43. Re7 Ra4 44. Ne5 Rxh4 45. Rxf7+ Kg8 46. Rf6 Re4 47.
Rxg6+ Kh7 48. Rh6+ Kg7 49. Re6 h4 50. f3 Re1 51. Re7+ Kg8 52. f4 Re3 53. f5 Rg3+ 54. Kh2 Rxg5 55. f6 Rf5 56. Rg7+ Kf8 57. Ng6+ Ke8 58. Re7+ Kd8 59. f7 Rf2+ 60. Kh3 Rf3+ 61. Kxh4 Rf6 62. Re8+ Kd7 63. f8=Q 1-0

[Event "Early-Titled-Tuesday-Blitz-June-18-2024"]
[Site "Chess.com"]
[Date "2024.06.18"]
[Round "1"]
[White "Tonychess32"]
[Black "Kirill_Klukin"]
[Result "0-1"]
[WhiteElo "2499"]
[BlackElo "2877"]
[TimeControl "180+1"]
[EndTime "8:08:17 PDT"]
[Termination "Kirill_Klukin won by resignation"]

1. b3 d5 2. Bb2 Nf6 3. e3 Bf5 4. Nf3 e6 5. Be2 Be7 6. O-O O-O 7. d3 h6 8. Nbd2 c5 9. Ne5 Nfd7 10. Ndf3 Bf6 11.
Qc1 Qc7 12. Nxd7 Nxd7 13. Bxf6 Nxf6 14. Re1 Rac8 15. Qb2 Rfd8 16. h3 Bh7 17. Rad1 a6 18.
a4 Qa5 19. Ne5 d4 20. e4 Qc7 21. f4 Nd7 22. Nxd7 Rxd7 23. Rf1 b5 24. axb5 axb5 25. Ra1 c4 26. bxc4 bxc4 27. f5 exf5 28. exf5 Qe5 29. Rae1 Re7 30. Qc1 Rce8 31. f6 gxf6 32. Qxh6 Qe3+ 33.
Qxe3 Rxe3 34. Kf2 cxd3 35. Bxd3 Bxd3 36. cxd3 Kg7 37. Rxe3 Rxe3 38. Rd1 f5 39. g3 Kg6 40. Rd2 Kg5 41. Kg2 f6 42. Kf2 f4 43. gxf4+ Kxf4 44. Kg2 Rg3+ 45. Kh2 Rf3 46. Kg2 Ke3 47. Rd1 Rf5 48.
Kg3 Ke2 49. Ra1 Kxd3 50. Kg4 Rf2 51. Kg3 Rf5 52. Kg4 Rc5 53. h4 Ke3 54. Re1+ Kd2 55. Rf1 d3 56. h5 Ke2 57. Rxf6 Rc4+ 58. Kg5 d2 59. Re6+ Kd3 60. Rd6+ Rd4 61. Rxd4+ Kxd4 62. Kg6 d1=Q 63. h6 Qg4+ 64. Kf7 Qh5+ 65. Kg7 Qg5+ 66. Kh7 Ke5 0-1